 Dungeon Crawl Stone Soup version 0.31-a0-267-g3fc6992b3b (webtiles) character file.

Game seed: 11168074548393552861

1490 qw the Skirmisher (level 8, -2/70 HPs)
             Began as a Minotaur Hexslinger on July 13, 2023.
             Slain by a vampire mosquito (3 damage)
             ... on level 7 of the Dungeon.
             The game lasted 00:02:06 (5254 turns).

qw the Skirmisher (Minotaur Hexslinger)             Turns: 5254, Time: 00:02:07

Health: -2/70      AC:  6    Str: 14    XL:     8   Next: 51%
Magic:  8/8        EV: 11    Int: 10    God:
Gold:   259        SH:  0    Dex: 14    Spells: 8/9 levels left

rFire   . . .        Y - +0 longbow (flame)
rCold   . . .        (shield currently unavailable)
rNeg    . . .        b - +0 ring mail
rPois   .            (helmet restricted)
rElec   .            (no cloak)
rCorr   .            f - +0 pair of gloves
SInv    .            (no boots)
Will    .....        c - amulet of the acrobat
Stlth   +            (no ring)
HPRegen 0.31/turn    (no ring)
MPRegen 0.11/turn

%: acrobat
@: no status effects
A: horns 2, retaliatory headbutt
a: no special abilities


You were on level 7 of the Dungeon.
You visited 2 branches of the dungeon, and saw 8 of its levels.

You collected 259 gold pieces.


Innate Abilities, Weirdness & Mutations

You have a pair of horns on your head.
You reflexively headbutt those who attack you in melee.


   Skills:
 - Level 6.3 Fighting
 + Level 9.7 Ranged Weapons
 - Level 2.3 Armour
 - Level 3.2 Dodging
 - Level 1.0 Spellcasting
 - Level 2.0 Hexes


You had 8 spell levels left.
You knew the following spells:

 Your Spells              Type           Power      Damage    Failure   Level
a - Slow                  Hex            16%        N/A       30%         1

Your spell library contained the following spells:

 Spells                   Type           Power      Damage    Failure   Level
 Inner Flame              Hex/Fire       2%         N/A       80%         3
 Portal Projectile        Hex/Tloc       4%         N/A       80%         3
 Cause Fear               Hex            2%         N/A       96%         4

Inventory:

Hand Weapons
 Y - a +0 longbow of flaming (weapon)
Armour
 b - a +0 ring mail (worn)
 f - a +0 pair of gloves (worn)
Jewellery
 c - an amulet of the acrobat (around neck)
Scrolls
 a - a scroll of identify
Potions
 e - a potion of mutation
 h - a potion of berserk rage {unknown}
 i - a potion of cancellation {unknown}
 j - a potion of ambrosia {unknown}
 k - a potion of curing
 l - a potion of might {unknown}
 m - a potion of haste {unknown}

Dungeon Overview and Level Annotations

Branches:
Dungeon (7/15)             Temple (1/1) D:4

Altars:
Cheibriados
Dithmenos
Elyvilon
Fedhas
Gozag
Hepliaklqana
Makhleb
Nemelex Xobeh
Qazlal
Ru
Sif Muna
Trog
Uskayaw
Vehumet
Wu Jian
Xom
Yredelemnul
Zin
The Shining One

Shops:
D:4 :==(


Message History

The vampire mosquito bites you.
The vampire mosquito draws strength from your injuries!
The vampire mosquito closely misses you.
You furiously retaliate!
You headbutt the vampire mosquito, but do no damage.
The vampire mosquito misses you.
You shoot an arrow.
The arrow barely misses the vampire mosquito.
The vampire mosquito bites you but does no damage.
The vampire mosquito bites you.
The vampire mosquito draws strength from your injuries!
The vampire mosquito closely misses you.
The vampire mosquito bites you but does no damage.
The vampire mosquito closely misses you.
You furiously retaliate!
You headbutt the vampire mosquito! You shoot an arrow.
The arrow barely misses the vampire mosquito.
The vampire mosquito bites you.
The vampire mosquito draws strength from your injuries!
The vampire mosquito bites you but does no damage.
The vampire mosquito bites you.
The vampire mosquito draws strength from your injuries!
The vampire mosquito misses you. You furiously retaliate!
You headbutt the vampire mosquito. You shoot an arrow.
The arrow misses the vampire mosquito.
The vampire mosquito bites you but does no damage.
The vampire mosquito bites you.
The vampire mosquito draws strength from your injuries!
The vampire mosquito bites you but does no damage.
The vampire mosquito bites you!
The vampire mosquito draws strength from your injuries!
The vampire mosquito closely misses you.
You furiously retaliate!
You headbutt the vampire mosquito! The vampire mosquito barely misses you.
You shoot an arrow.
The arrow closely misses the vampire mosquito.
The vampire mosquito bites you!
The vampire mosquito draws strength from your injuries!
The vampire mosquito bites you.
You die...

###)#
#.########
#.........
#.........
#.........
#.######+#
#.# ..
#.##.#####
#.@y......
##.y.#####
#.### ..#
.## #> ##


You could see 2 vampire mosquitoes.

Vanquished Creatures
  An ice beast (D:6)
  4 black bears
  An orc warrior (D:4)
  A centaur (D:5)
  2 phantoms
  A bullfrog (D:6)
  A scorpion (D:5)
  A jelly (D:5)
  3 hounds
  A gnoll bouda (D:6)
  3 iguanas
  2 orc wizards (D:6)
  8 adders
  10 gnolls
  A white imp (D:6)
  5 dart slugs
  17 orcs
  14 ball pythons
  9 endoplasms
  3 giant cockroaches
  10 goblins
  7 hobgoblins
  8 jackals
  6 quokkas
  6 bats
  4 frilled lizards
  10 kobolds
  4 rats
143 creatures vanquished.

Notes
Turn   | Place    | Note
-------+----------+-------------------------------------------
     0 | D:1      | qw the Minotaur Hexslinger began the quest for the Orb.
     0 | D:1      | Reached XP level 1. HP: 16/16 MP: 1/1
     0 | D:1      | 0 ||| qw: Version: 0.3-a-52-g30416fa
     0 | D:1      | 0 ||| qw: Game counter: 7695
     0 | D:1      | 0 ||| qw: Melee chars always use a shield: true
     0 | D:1      | 0 ||| qw: God list: Okawaru
     0 | D:1      | 0 ||| qw: Allow faded altars: false
     0 | D:1      | 0 ||| qw: Do Orc after clearing Dungeon:15 true
     0 | D:1      | 0 ||| qw: Do second Lair branch before Depths: true
     0 | D:1      | 0 ||| qw: Lair rune preference: random
     0 | D:1      | 0 ||| qw: Goals: Normal
     0 | D:1      | 0 ||| PLANNING D:1-11
   182 | D:1      | Reached skill level 3 in Ranged Weapons
   182 | D:1      | Reached XP level 2. HP: 23/23 MP: 2/2
   705 | D:1      | Reached XP level 3. HP: 29/29 MP: 3/3
  1068 | D:1      | 1068 ||| READING 2 scrolls labelled GELENE HUGAE.
  1069 | D:1      | 1069 ||| READING scroll labelled YNOCEA KOEMUT.
  1070 | D:1      | 1070 ||| READING scroll labelled WOARGHAM YFAG.
  1070 | D:1      | Identified a scroll of acquirement
  1070 | D:1      | 1070 ||| ACQUIRING +0 longbow of flaming
  1070 | D:1      | Acquired a +0 longbow of flaming
  1072 | D:1      | 1072 ||| SWAPPING to +0 longbow of flaming.
  1073 | D:1      | 1073 ||| DROPPING +1 sling.
  1074 | D:1      | 1074 ||| DROPPING scroll of poison.
  1117 | D:2      | Reached skill level 4 in Ranged Weapons
  1394 | D:2      | Found a faded altar of an unknown god.
  1609 | D:2      | 1609 ||| UPGRADING to +0 ring mail.
  1619 | D:2      | 1619 ||| DROPPING +0 robe.
  1620 | D:2      | 1620 ||| READING scroll labelled ASASEILEDU.
  1621 | D:2      | 1621 ||| READING 4 scrolls of identify.
  1621 | D:2      | 1621 ||| IDENTIFYING inky potion
  1622 | D:2      | 1622 ||| READING 3 scrolls of identify.
  1622 | D:2      | 1622 ||| IDENTIFYING green potion
  1623 | D:2      | 1623 ||| READING 2 scrolls of identify.
  1623 | D:2      | 1623 ||| IDENTIFYING golden potion
  1624 | D:2      | 1624 ||| DROPPING potion of invisibility.
  1635 | D:3      | Reached XP level 4. HP: 36/36 MP: 4/4
  1697 | D:3      | Reached skill level 1 in Armour
  1842 | D:3      | 1842 ||| FLEEEEING.
  1847 | D:3      | 1847 ||| FLEEEEING.
  2214 | D:3      | 2214 ||| UPGRADING to amulet of the acrobat.
  2280 | D:4      | Found Vameesuj's Weapon Emporium.
  2381 | D:4      | Reached skill level 5 in Ranged Weapons
  2381 | D:4      | Noticed an orc warrior
  2391 | D:4      | Killed an orc warrior
  2392 | D:4      | Reached XP level 5. HP: 12/46 MP: 5/5
  2610 | D:4      | Found Kiatuefa's Jewellery Shoppe.
  2617 | D:4      | 2617 ||| SHOPLISTING +4 ring of slaying (1014 gold, have
                  | 146).
  2617 | D:4      | 2617 ||| SHOPLISTING +6 ring of dexterity (468 gold, have
                  | 146).
  2617 | D:4      | 2617 ||| SHOPLISTING amulet "Sucizxek" {Reflect rF- rCorr
                  | Slay+3 SH+5} (626 gold, have 146).
  2617 | D:4      | 2617 ||| SHOPLISTING amulet of reflection (390 gold, have
                  | 146).
  2617 | D:4      | 2617 ||| SHOPLISTING ring of Sif Muna's Scorn {Fly rC-
                  | rCorr EV+5 Str+4} (677 gold, have 146).
  2627 | D:4      | 2627 ||| Stepping ~*~*~tactically~*~*~ (outnumbered).
  2629 | D:4      | 2629 ||| Stepping ~*~*~tactically~*~*~ (outnumbered).
  2632 | D:4      | 2632 ||| Stepping ~*~*~tactically~*~*~ (outnumbered).
  2733 | D:4      | Reached XP level 6. HP: 52/52 MP: 6/6
  2762 | D:4      | Reached skill level 6 in Ranged Weapons
  2788 | D:4      | Found Ynliehink's Book Shoppe.
  2966 | D:4      | Found Zionti's Jewellery Shop.
  2969 | D:4      | 2969 ||| SHOPLISTING +6 ring of dexterity (468 gold, have
                  | 151).
  2969 | D:4      | 2969 ||| SHOPLISTING amulet of faith (520 gold, have 151).
  2969 | D:4      | 2969 ||| SHOPLISTING ring of fire (325 gold, have 151).
  2969 | D:4      | 2969 ||| SHOPLISTING ring of ice (325 gold, have 151).
  2969 | D:4      | 2969 ||| SHOPLISTING ring of protection from cold (325
                  | gold, have 151).
  2969 | D:4      | 2969 ||| SHOPLISTING ring of willpower (325 gold, have
                  | 151).
  2976 | D:4      | Found Namnut's Book Boutique.
  3112 | D:4      | Found a staircase to the Ecumenical Temple.
  3113 | D:4      | 3113 ||| PLANNING TEMPLE
  3113 | D:4      | 3113 ||| DRINKING 2 black potions.
  3114 | D:4      | 3114 ||| DROPPING potion of degeneration.
  3118 | Temple   | Entered the Ecumenical Temple
  3293 | Temple   | 3293 ||| PLANNING D:1-11
  3383 | D:5      | Entered Level 5 of the Dungeon
  3398 | D:5      | HP: 12/52 [gnoll/+0 flail (10)]
  3399 | D:5      | 3399 ||| DRINKING 2 potions of heal wounds.
  3402 | D:5      | 3402 ||| DRINKING potion of heal wounds.
  3428 | D:5      | 3428 ||| FLEEEEING.
  3429 | D:5      | 3429 ||| FLEEEEING.
  3430 | D:5      | 3430 ||| FLEEEEING.
  3431 | D:5      | 3431 ||| STAIRDANCE
  3511 | D:5      | Found a basalt altar of Yredelemnul.
  3611 | D:5      | Reached skill level 7 in Ranged Weapons
  3627 | D:5      | Reached XP level 7. HP: 36/59 MP: 7/7
  3667 | D:5      | 3667 ||| FLEEEEING.
  3763 | D:5      | Reached skill level 8 in Ranged Weapons
  4091 | D:5      | Found a glowing silver altar of Zin.
  4169 | D:5      | 4169 ||| UPGRADING to +0 pair of gloves.
  4174 | D:5      | 4174 ||| READING 2 scrolls of identify.
  4174 | D:5      | 4174 ||| IDENTIFYING metallic clear potion
  4175 | D:5      | 4175 ||| DROPPING potion of brilliance.
  4252 | D:6      | 4252 ||| Stepping ~*~*~tactically~*~*~ (outnumbered).
  4320 | D:6      | Reached skill level 9 in Ranged Weapons
  4320 | D:6      | Reached XP level 8. HP: 55/69 MP: 8/8
  4349 | D:6      | Reached skill level 6 in Fighting
  4396 | D:6      | Reached skill level 3 in Dodging
  4540 | D:6      | 4540 ||| FLEEEEING.
  4541 | D:6      | 4541 ||| FLEEEEING.
  4542 | D:6      | 4542 ||| FLEEEEING.
  4543 | D:6      | 4543 ||| FLEEEEING.
  4544 | D:6      | 4544 ||| FLEEEEING.
  4545 | D:6      | 4545 ||| FLEEEEING.
  4546 | D:6      | 4546 ||| FLEEEEING.
  4547 | D:6      | 4547 ||| FLEEEEING.
  4548 | D:6      | 4548 ||| FLEEEEING.
  4549 | D:6      | 4549 ||| FLEEEEING.
  4550 | D:6      | 4550 ||| FLEEEEING.
  4551 | D:6      | 4551 ||| FLEEEEING.
  4552 | D:6      | 4552 ||| FLEEEEING.
  4553 | D:6      | 4553 ||| FLEEEEING.
  4554 | D:6      | 4554 ||| FLEEEEING.
  4555 | D:6      | 4555 ||| FLEEEEING.
  4556 | D:6      | 4556 ||| FLEEEEING.
  4558 | D:6      | 4558 ||| FLEEEEING.
  4560 | D:6      | 4560 ||| FLEEEEING.
  4561 | D:6      | 4561 ||| FLEEEEING.
  4562 | D:6      | 4562 ||| FLEEEEING.
  4563 | D:6      | 4563 ||| FLEEEEING.
  4564 | D:6      | 4564 ||| FLEEEEING.
  4565 | D:6      | 4565 ||| FLEEEEING.
  4566 | D:6      | 4566 ||| FLEEEEING.
  4568 | D:6      | 4568 ||| FLEEEEING.
  4569 | D:6      | 4569 ||| FLEEEEING.
  4570 | D:6      | 4570 ||| FLEEEEING.
  4571 | D:6      | 4571 ||| FLEEEEING.
  4572 | D:6      | 4572 ||| FLEEEEING.
  4573 | D:6      | 4573 ||| FLEEEEING.
  4574 | D:6      | 4574 ||| FLEEEEING.
  4575 | D:6      | 4575 ||| FLEEEEING.
  4576 | D:6      | 4576 ||| STAIRDANCE
  4601 | D:6      | 4601 ||| STAIRDANCE
  5191 | D:6      | 5191 ||| READING scroll labelled UXYPPE BYZXI.
  5192 | D:6      | 5192 ||| DRINKING 2 white potions.
  5247 | D:7      | HP: 12/70 [vampire mosquito (6)]
  5248 | D:7      | 5248 ||| DRINKING 2 potions of heal wounds.
  5249 | D:7      | HP: 5/70 [vampire mosquito (2)]
  5250 | D:7      | 5250 ||| DRINKING potion of heal wounds.
  5254 | D:7      | HP: 1/70 [vampire mosquito (10)]
  5254 | D:7      | Slain by a vampire mosquito

Levels and vault maps discovered:
D:1:      dpeg_arrival_circle_labyrinth_a, layout_loops_corners,
          minmay_octomino_e4
D:2:      layout_loops_ring, ebering_ecumenical_altar_sacrificial
D:3:      layout_loops_ring
D:4:      layout_gridville, minmay_temple_entry_glassed_door, serial_shops,
          nicolae_shop_window_shopping,
          nicolae_shop_temple_entry_statues_fountains, shop,
          nicolae_shop_tiny_real_fake_doors, kennysheep_mini,
          grunt_ministairs_14
D:5:      layout_cave_pools, mainiacjoe_overflow_boulevard,
          kennysheep_little_box
D:6:      layout_loops_ring, grunt_ministairs_9
D:7:      layout_basic, kennysheep_generic_room_16, uniq_pikel
Temple:   bh_familiar_temple

Skill      XL: |  1  2  3  4  5  6  7  8 |
---------------+-------------------------+-----
Ranged Weapons | 3 4 5 7 9 |  9.7
Fighting       | 2 4 5 6 |  6.3
Armour         | 1 2 |  2.3
Dodging        | 3 |  3.2
Spellcasting   | |  1.0
Hexes          | |  2.0

Action                     |  1- 3 |  4- 6 |  7- 9 || total
---------------------------+-------+-------+-------++-------
   Fire: Sling             |    82 |       |       ||    82
         Longbow           |    57 |   160 |   107 ||   324
    Use: Scroll            |     7 |       |     2 ||     9
         Potion            |       |     3 |     3 ||     6
 Armour: Robe              |     6 |       |       ||     6
         Ring mail         |     2 |    31 |    28 ||    61
  Dodge: Dodged            |    37 |    59 |    47 ||   143

Table legend:
 A = Non-vault XP
 B = Vault XP
 C = Vault XP percentage of total XP
 D = Non-vault monster count
 E = Vault monster count
 F = Vault count percentage of total count
                 A         B        C        D         E       F
            +---------+---------+-------+---------+---------+-------
      Total |    1998 |     131 |   6.2 |     133 |      10 |   7.0
            +---------+---------+-------+---------+---------+-------
        D:1 |      45 |       6 |  11.8 |      24 |       4 |  14.3
        D:2 |      45 |       0 |   0.0 |      22 |       0 |   0.0
        D:3 |      46 |       0 |   0.0 |      24 |       0 |   0.0
        D:4 |     280 |      43 |  13.3 |      24 |       4 |  14.3
        D:5 |     798 |      36 |   4.3 |      23 |       1 |   4.2
        D:6 |     784 |      46 |   5.5 |      16 |       1 |   5.9
            +---------+---------+-------+---------+---------+-------
